AoeStats
← AiM | Facu1414

Arena

507410713Analyzed
4v4 RM · 13d ago on Sep 18, 2026· 30m 51s· 8 players
Game mode
Random Map
Map size
Large (8 player)
Population
200
Speed
Normal
Resources
Standard
Victory
Conquest
Starting age
Dark Age
Ending age
Imperial Age
RankedLock teamsTeams togetherTeam positionsShared explorationLock speedFull tech treeHidden civsTurbo modeCheats
Victory
Defeat
🇦🇷 Teutons · Argentina
1591
+12
🇨🇱 Turks · Chile
1551
+14
🇦🇷 Hindustanis · Argentina
1506
+16
🇨🇱 Khmer · Chile
1499
+16
🇨🇴 Khitans · Colombia
1562
-16
🇦🇷 Poles · Argentina
1538
-16
🇨🇴 Gurjaras · Colombia
1500
-14
🇲🇽 Britons · Mexico
1432
-12
abija
10:27 Feudal Age
14:32 Castle Age
12:48 Double-Bit Axe
13:36 Horse Collar
14:25 Bloodlines
20:43 Bow Saw
20:38 Heavy Plow
22:06 Wheelbarrow
25:07 Coinage
24:58 Pikeman
25:39 Squires
26:04 Scale Mail Armor
26:14 Forging
26:19 Arson
29:30 Hand Cart
31:51 Imperial Age
Chigüiro
11:54 Feudal Age
15:44 Castle Age
13:39 Horse Collar
13:57 Double-Bit Axe
20:32 Wheelbarrow
22:04 Fletching
22:07 Elite Skirmisher
23:25 Bow Saw
23:19 Bodkin Arrow
24:09 Padded Archer Armor
25:59 Thumb Ring
26:59 Ballistics
28:48 Leather Archer Armor
sgt peppers s
10:35 Feudal Age
10:01 Loom
15:35 Fletching
22:07 Castle Age
21:21 Double-Bit Axe
21:18 Horse Collar
23:20 Bow Saw
23:12 Heavy Plow
30:27 Bodkin Arrow
CTMlLOMBANA
10:27 Feudal Age
15:01 Castle Age
13:20 Double-Bit Axe
13:47 Loom
15:22 Light Cavalry
15:58 Domestication
17:13 Forging
19:21 Iron Casting
19:52 Scale Barding Armor
23:02 Wheelbarrow
22:50 Husbandry
24:06 Chain Barding Armor
24:08 Pastoralism
AiM | Kadrexgg
11:17 Feudal Age
11:25 Feudal Age
15:48 Castle Age
20:24 Imperial Age
18:14 Double-Bit Axe
18:56 Padded Archer Armor
18:40 Horse Collar
19:01 Loom
20:50 Padded Archer Armor
31:40 Wheelbarrow
31:36 Bow Saw
31:27 Heavy Plow
AiM | sAREMS
11:01 Feudal Age
14:07 Castle Age
13:15 Double-Bit Axe
13:11 Horse Collar
15:08 Bow Saw
16:02 Heavy Plow
19:39 Gold Mining
23:06 Bloodlines
22:58 Husbandry
23:33 Loom
24:39 Scale Barding Armor
26:06 Chain Barding Armor
26:00 Forging
32:00 Imperial Age
30:43 Iron Casting
31:02 Wheelbarrow
31:04 Gold Shaft Mining
AiM | Facu1414
11:05 Feudal Age
14:37 Castle Age
12:42 Double-Bit Axe
13:39 Horse Collar
17:28 Bloodlines
18:29 Husbandry
20:07 Loom
20:57 Wheelbarrow
22:46 Hand Cart
22:45 Scale Barding Armor
23:05 Bow Saw
22:57 Heavy Plow
28:26 Imperial Age
25:58 Gold Mining
26:20 Scale Barding Armor
26:25 Forging
27:44 Chain Barding Armor
27:37 Forging
28:30 Gold Shaft Mining
28:47 Heavy Camel Rider
30:02 Plate Barding Armor
30:02 Iron Casting
31:24 Chemistry
30:46 Imperial Camel Rider
AIM | Agua cate 98
6:09 Loom
8:47 Feudal Age
15:55 Fletching
17:36 Double-Bit Axe
17:59 Horse Collar
21:12 Wheelbarrow
21:04 Town Watch
24:43 Castle Age
23:34 Stone Mining
24:05 Town Watch
25:30 Bodkin Arrow
26:40 Guard Tower
Connection lost

Rejoining the realm…

Still unreachable

The connection could not be restored.

Session expired

The server has moved on; the page needs a fresh start.